 Dungeon Crawl Stone Soup version 0.29.0-4-gdea44cf6ec (webtiles) character file.

Game seed: 2210629313080712988

18 qw the Chopper (level 2, -4/17 HPs)
             Began as a Tengu Warper on Aug 28, 2022.
             Succumbed to a goblin's poison
             ... on level 1 of the Dungeon.
             The game lasted 00:00:02 (712 turns).

qw the Chopper (Tengu Warper)                        Turns: 712, Time: 00:00:03

Health: -4/17      AC:  3    Str: 11    XL:     2   Next: 70%
Magic:  6/6        EV: 11    Int: 13    God:
Gold:   0          SH:  0    Dex: 13    Spells: 5/5 levels left

rFire   . . .      SeeInvis .   a - +0 hand axe
rCold   . . .      Faith    .   (no shield)
rNeg    . . .      Spirit   .   b - +0 leather armour
rPois   .          Reflect  .   (helmet restricted)
rElec   .          Harm     .   (no cloak)
rCorr   .          Rampage  .   (no gloves)
Will    .....                   (boots unavailable)
Stlth   +.........              (no amulet)
HPRegen 0.05/turn               (no ring)
MPRegen 0.10/turn               (no ring)

@: lethally poisoned (-4 -> -27)
A: beak, talons 3
a: no special abilities


You were on level 1 of the Dungeon.
You visited 1 branch of the dungeon, and saw 1 of its levels.


Innate Abilities, Weirdness & Mutations

You have a beak for a mouth.
You have claws for feet.


   Skills:
 - Level 2.0 Fighting
 + Level 3.5 Axes
 - Level 1.0 Throwing
 - Level 1.1 Armour
 - Level 2.1 Dodging
 - Level 2.0 Spellcasting
 - Level 2.4 Translocations


You had 5 spell levels left.
You didn't know any spells.
Your spell library contained the following spells:

 Spells                   Type           Power      Damage    Failure   Level
 Blink                    Tloc           14%        N/A       19%         2
 Gell's Gravitas          Tloc           7%         N/A       36%         3
 Lesser Beckoning         Tloc           7%         N/A       36%         3
 Teleport Other           Tloc           7%         N/A       36%         3
 Manifold Assault         Tloc           7%         N/A       98%         5

Inventory:

Hand Weapons
 a - a +0 hand axe (weapon)
 e - a +0 club
Armour
 b - a +0 leather armour (worn)
Scrolls
 c - a scroll of blinking
Potions
 d - a potion of lignification {unknown}

Dungeon Overview and Level Annotations

Branches:
Dungeon (1/15)

Altars:


Message History

A hobgoblin comes into view.
A bat comes into view.
The bat moves out of view.
691 ||| Stepping ~*~*~tactically~*~*~ (stealth).
693 ||| Stepping ~*~*~tactically~*~*~ (stealth).
There are monsters nearby!
695 ||| Stepping ~*~*~tactically~*~*~ (stealth).
You closely miss the bat.
The hobgoblin shouts!
You peck the bat, but do no damage.
You hear a shout!
The bat closely misses you. The bat hits you but does no damage.
The bat barely misses you.
You hit the bat. You claw the bat, but do no damage. You peck the bat.
You kill the bat!
You hit the hobgoblin. You claw the hobgoblin.
You kill the hobgoblin!
You see here a hobgoblin corpse.
A goblin comes into view. It is wielding a +2 dagger of venom.
Found a trident.
You closely miss the goblin. Your peck misses the goblin.
A hobgoblin comes into view.
The goblin hits you with a +2 dagger of venom.
You are poisoned.
709 ||| Stepping ~*~*~tactically~*~*~ (stealth).
The goblin attacks as you move away! The goblin closely misses you.
You feel sick.
You see here a hobgoblin corpse.
You closely miss the goblin. Your kick misses the goblin.
You feel sick.
The goblin hits you with a +2 dagger of venom.
You are lethally poisoned!
The goblin barely misses you.
You barely miss the goblin. Your kick misses the goblin.
You peck the goblin, but do no damage.
You feel very sick.
The goblin hits you with a +2 dagger of venom.
You are more poisoned.
You closely miss the goblin. You claw the goblin.
You kill the goblin!
You die...

. . .# .g .# ##
#...#####.##...
#..)........#
#)..# #@### #.#
###.########
#........... #
#.#%#######.
##.##
#.##.#.######
....#
#..)..........
###.# ##
####.#.######.
# ..# #.#...


There were no monsters in sight!

Vanquished Creatures
  2 dart slugs (D:1)
  A ball python (D:1)
  3 bats (D:1)
  2 endoplasms (D:1)
  2 goblins (D:1)
  A hobgoblin (D:1)
  2 kobolds (D:1)
  A rat (D:1)
14 creatures vanquished.

Notes
Turn   | Place    | Note
-------+----------+-------------------------------------------
     0 | D:1      | qw the Tengu Warper began the quest for the Orb.
     0 | D:1      | Reached XP level 1. HP: 12/12 MP: 4/4
     0 | D:1      | 0 ||| qw: Version: 0.1-a-89-g26bdef1
     0 | D:1      | 0 ||| qw: Game counter: 1158
     0 | D:1      | 0 ||| qw: Always use a shield: true
     0 | D:1      | 0 ||| qw: God list: Okawaru
     0 | D:1      | 0 ||| qw: Allow faded altars: false
     0 | D:1      | 0 ||| qw: Do Orc after D:15 true
     0 | D:1      | 0 ||| qw: Do second Lair branch before Depths: true
     0 | D:1      | 0 ||| qw: Lair rune preference: random
     0 | D:1      | 0 ||| qw: Plans: Normal
     0 | D:1      | 0 ||| PLANNING D:1-11
   178 | D:1      | Reached XP level 2. HP: 16/17 MP: 6/6
   203 | D:1      | 203 ||| Stepping ~*~*~tactically~*~*~ (hiding).
   307 | D:1      | 307 ||| Stepping ~*~*~tactically~*~*~ (stealth).
   310 | D:1      | Reached skill level 3 in Axes
   691 | D:1      | 691 ||| Stepping ~*~*~tactically~*~*~ (stealth).
   693 | D:1      | 693 ||| Stepping ~*~*~tactically~*~*~ (stealth).
   695 | D:1      | 695 ||| Stepping ~*~*~tactically~*~*~ (stealth).
   709 | D:1      | 709 ||| Stepping ~*~*~tactically~*~*~ (stealth).
   711 | D:1      | HP: 3/17 [poisoned by a goblin]
   712 | D:1      | Succumbed to a goblin's poison

Levels and vault maps discovered:
D:1:      reono_arrival_forest_river, layout_loops_ring, minmay_pentomino_r2

Skill      XL: |  1  2 |
---------------+-------+-----
Axes           | 3 |  3.5
Fighting       | |  2.0
Throwing       | |  1.0
Armour         | |  1.1
Dodging        | |  2.1
Spellcasting   | |  2.0
Translocations | |  2.4

Action                   || total
-------------------------++-------
Melee: Hand axe          ||    27
       Kick              ||     7
       Peck              ||     6
       Punch             ||     1
Throw: Boomerang         ||     7
Armor: Leather armour    ||     5
Dodge: Dodged            ||    13

Table legend:
 A = Non-vault XP
 B = Vault XP
 C = Vault XP percentage of total XP
 D = Non-vault monster count
 E = Vault monster count
 F = Vault count percentage of total count
                 A         B        C        D         E       F
            +---------+---------+-------+---------+---------+-------
      Total |      27 |       2 |   6.9 |      13 |       1 |   7.1
            +---------+---------+-------+---------+---------+-------
        D:1 |      27 |       2 |   6.9 |      13 |       1 |   7.1
            +---------+---------+-------+---------+---------+-------
